 Dungeon Crawl Stone Soup version 0.23-a0-516-g0f8c245 (webtiles) character file.

128795 emperorscorpion the Eclecticist (level 16, 0/93 HPs)
             Began as a Deep Elf Fire Elementalist on Dec 5, 2018.
             Was the Champion of Vehumet.
             Succumbed to a wolf spider's poison
             ... on level 3 of the Spider Nest on Dec 6, 2018.
             The game lasted 01:57:16 (39983 turns).

emperorscorpion the Eclecticist (DEFE)             Turns: 39983, Time: 01:57:17

Health: 0/93       AC: 14    Str:  8    XL:     16   Next: 49%
Magic:  32/41      EV: 19    Int: 48    God:    Vehumet [******]
Gold:   1795       SH:  4    Dex: 21    Spells: 14/53 levels left

rFire    + . .     SeeInvis +   b - +9 shortbow (freeze)
rCold    . . .     Gourm    .   (shield currently unavailable)
rNeg     . . .     Faith    .   M - +2 robe of the Morning {Int+4}
rPois    .         Spirit   .   h - +2 hat {MR+}
rElec    .         Reflect  +   U - +1 cloak "Umid" {rF+ rCorr Int+4}
rCorr    +         Harm     .   x - +2 pair of gloves of the Griffon {Str+3 Int+4 Stlth+}
MR       ++...                  Z - +2 pair of boots {run}
Stlth    ++++......             J - +4 amulet of reflection
HPRegen  0.25/turn              O - +5 ring of intelligence
MPRegen  0.27/turn              r - ring "Muozifets" {Int+3 Dex+6 SInv}

@: lethally poisoned (0 -> -16), very slightly contaminated, quick
A: no striking features
a: Renounce Religion


You were on level 3 of the Spider Nest.
You worshipped Vehumet.
Vehumet was exalted by your worship.
You were not hungry.

You visited 5 branches of the dungeon, and saw 27 of its levels.
You also visited: Labyrinth, Bailey and Ice Cave.

You collected 2774 gold pieces.
You spent 979 gold pieces at shops.

Inventory:

Hand Weapons
 a - the +9 flail of Balance {pain, +Blink rF++ Str+2 Dex+4}
   (You found it on level 6 of the Dungeon)

   In the hands of one skilled in necromantic magic, it inflicts extra damage on
   living creatures.
   It affects your strength (+2).
   It affects your dexterity (+4).
   It greatly protects you from fire.
   It lets you blink.
 b - a +9 shortbow of freezing (weapon)
Missiles
 F - 439 arrows (quivered)
 Q - 3 throwing nets
Armour
 h - a +2 hat of magic resistance (worn)
 x - the +2 pair of gloves of the Griffon (worn) {Str+3 Int+4 Stlth+}
   (You bought it in a shop on level 2 of the Orcish Mines)

   It affects your strength (+3).
   It affects your intelligence (+4).
   It makes you more stealthy.
 M - the +2 robe of the Morning (worn) {Int+4}
   (You found it on level 6 of the Dungeon)

   It affects your intelligence (+4).
 U - the +1 cloak "Umid" (worn) {rF+ rCorr Int+4}
   (You acquired it on level 13 of the Dungeon)

   It affects your intelligence (+4).
   It protects you from fire.
   It provides partial protection from all sources of acid and corrosion.
 Y - a +2 buckler
 Z - a +2 pair of boots of running (worn)
Jewellery
 g - an uncursed amulet of magic regeneration
 r - the ring "Muozifets" (right hand) {Int+3 Dex+6 SInv}
   (You bought it in a shop on level 2 of the Orcish Mines)

   [ring of see invisible]

   It affects your intelligence (+3).
   It affects your dexterity (+6).
   It lets you see invisible.
 G - the ring "Joarhav" {*Tele Int+3}
   (You found it in a labyrinth)

   [ring of teleportation]

   It may teleport you next to monsters.
   It affects your intelligence (+3).
 J - a +4 amulet of reflection (around neck)
 O - a +5 ring of intelligence (left hand)
Wands
 e - a wand of random effects (10)
 k - a wand of iceblast (4)
 t - a wand of paralysis (21)
 y - a wand of digging (11)
 C - a wand of disintegration (43)
 I - a wand of polymorph (7)
 T - a wand of clouds (2)
Scrolls
 i - 4 scrolls of fear
 m - 7 scrolls of teleportation
 n - 8 scrolls of remove curse
 q - 2 scrolls of magic mapping
 A - 3 scrolls of amnesia
 K - a scroll of enchant armour
 L - 4 scrolls of immolation
Potions
 f - a potion of berserk rage
 l - a potion of haste
 o - 3 potions of lignification
 v - 14 potions of curing
 w - 4 potions of brilliance
 z - 3 potions of magic
 D - a potion of cancellation
 E - a potion of ambrosia
 H - 2 potions of flight
 N - 3 potions of mutation
 S - a potion of resistance
 V - 2 potions of heal wounds
Miscellaneous
 j - a phial of floods
 p - a phial of floods
 W - a crystal ball of energy
Comestibles
 c - 2 chunks of flesh
 s - 48 rations


   Skills:
 + Level 8.0 Fighting
 - Level 2.0(2.1) Maces & Flails
   Level 0.1(0.4) Polearms
   Level 1.0(2.0) Staves
   Level 5.4 Slings
 + Level 7.3 Bows
 - Level 0.1(4.0) Throwing
 + Level 8.1 Dodging
 - Level 4.2 Stealth
 + Level 1.5 Shields
 + Level 19.2 Spellcasting
 + Level 15.1 Conjurations
 + Level 2.3 Summonings
 + Level 15.2 Fire Magic
 + Level 1.8 Ice Magic
 + Level 2.2 Air Magic
 + Level 4.6 Evocations


You had 14 spell levels left.
You knew the following spells:

 Your Spells              Type           Power        Failure   Level  Hunger
a - Flame Tongue          Conj/Fire      #####        0%          1    None
b - Conjure Flame         Conj/Fire      ########     0%          3    None
c - Sticky Flame          Conj/Fire      ########     0%          4    None
d - Fireball              Conj/Fire      ########..   0%          5    None
e - Stone Arrow           Conj/Erth      ######       1%          3    None
f - Summon Lightning Spi  Summ/Air       ######..     1%          4    None
g - Orb of Destruction    Conj           ########..   1%          7    None
h - Bolt of Fire          Conj/Fire      ########..   1%          6    None
i - Freezing Cloud        Conj/Ice/Air   #######...   1%          6    None

Your spell library contained the following spells:

 Spells                   Type           Power        Failure   Level  Hunger
 Iron Shot                Conj/Erth      #######...   1%          6    None
 Magic Dart               Conj           ####         0%          1    None
 Searing Ray              Conj           ######       0%          2    None
 Throw Flame              Conj/Fire      ######       0%          2    None
 Throw Frost              Conj/Ice       ######       0%          2    None
 Iskenderun's Mystic Bla  Conj           ########     0%          4    None
 Corona                   Hex            #####..      1%          1    None
 Freeze                   Ice            ####         1%          1    None
 Ensorcelled Hibernation  Hex/Ice        ######       1%          2    None
 Confuse                  Hex            #####...     1%          3    None
 Dazzling Spray           Conj/Hex       ######       1%          3    None
 Ignite Poison            Fire/Tmut/Pois #######.     1%          3    None
 Inner Flame              Hex/Fire       #######.     1%          3    None
 Ozocubu's Armour         Chrm/Ice       ######..     1%          3    None
 Portal Projectile        Hex/Tloc       #####.       1%          3    None
 Tukima's Dance           Hex            #####...     1%          3    None
 Force Lance              Conj/Tloc      #######.     1%          4    None
 Fulminant Prism          Conj/Hex       #######...   1%          4    None
 Summon Ice Beast         Ice/Summ       ######..     1%          4    None
 Throw Icicle             Conj/Ice       #######.     1%          4    None
 Irradiate                Conj/Tmut      #######...   1%          5    None
 Conjure Ball Lightning   Conj/Air       #######...   1%          6    None
 Ignition                 Fire           ########..   1%          8    None
 Leda's Liquefaction      Hex/Erth       #####.....   3%          4    None
 Silence                  Hex/Air        ######....   7%          5    None
 Borgnjor's Vile Clutch   Necr/Erth      #####.....   11%         5    None
 Ring of Flames           Chrm/Fire      #######...   14%         7    None
 Shadow Creatures         Summ           N/A          24%         6    None
 Deflect Missiles         Chrm/Air       ######....   36%         6    None
 Darkness                 Hex            #####.....   52%         6    None
 Hydra Form               Tmut           #####.....   52%         6    None
 Statue Form              Tmut/Erth      #####....    52%         6    None
 Dragon Form              Tmut           #####.....   98%         7    None
 Shatter                  Erth           #####.....   100%        9    ###....
 Tornado                  Air            ######....   100%        9    ###....


Dungeon Overview and Level Annotations

Branches:
Dungeon (15/15)            Temple (1/1) D:4            Lair (6/6) D:11
 Shoals (0/4) Lair:4       Spider (3/4) Lair:2        Slime (0/5) Lair:6
    Orc (2/2) D:12            Elf (0/3) Orc:2        Vaults (0/5) D:13
 Depths (0/5) D:15

Altars:
Ashenzari
Fedhas
Kikubaaqudgha
Ru
Sif Muna
Trog
Vehumet
Wu Jian
Xom
Zin
The Shining One
Beogh
Jiyva

Shops:
D:6 }   D:7 *   D:8 *   Orc:2 [(=*

Annotations:
D:14 exclusion: orange crystal statue
Spider:3 1 transporter


Message History

Vehumet accepts your kill.
You feel your power returning.
Found a scroll of blinking.
You see here an arrow.
The wolf spider is engulfed in freezing vapours.
The wolf spider hits you.
* * * LOW HITPOINT WARNING * * *
The wolf spider bites you.
* * * LOW HITPOINT WARNING * * *
The wolf spider hits you but does no damage.
The wolf spider bites you!
* * * LOW HITPOINT WARNING * * *
You are lethally poisoned!
The wolf spider poisons you!
Blink to where?
Press: ? - help, Dir - move target cursor You are very lightly contaminated with residual magic.
As you read the scroll of blinking, it crumbles to dust.
A spark wasp comes into view.
You die...

.#s#... .......
#..# .. y. ...#
...#...#.......
#..#.#...#....
.#.#........##
.s©#.........#.
%8##.......#....
###....@...#^...
.....#...#.....#
.#.....§§§.....#
#....#§§§.^...#
.#..^.§§§§§..##
.......<§§§§..#
.#..#.#ss.§§..#
#?.....§#.....#
....#...#[†....#


You could see a spark wasp (sleeping), a demonic crawler (sleeping) and 3 wolf
spiders.

Vanquished Creatures
  Kirke (Spider:2)
  Gastronok (D:11)
  An emperor scorpion (Spider:2)
  An orc warlord (Orc:2)
  An ironheart preserver (D:13)
  2 entropy weavers (Spider:2)
  A minotaur (Lab)
  Azrael (D:14)
  Snorg (D:10)
  A yaktaur captain (D:15)
  Josephine (D:10)
  Harold (D:10)
  An ice dragon (Lair:5)
  11 hydras
  4 centaur warriors
  5 two-headed ogres
  11 death yaks
  An orc high priest (Orc:2)
  Urug (D:10)
  Nergalle (Lair:1)
  The ghost of Leeroy the Magician, a novice GnSk of Vehumet (D:8)
  2 unseen horrors (D:14)
  3 skeletal warriors
  Pikel (D:4)
  4 orb spiders
  7 orc knights
  5 wolf spiders
  3 orc sorcerers
  3 cyclopes
  4 oklob plants
  12 ugly things
  6 elephants
  3 moths of wrath
  2 merfolk sirens (Lair:4)
  2 black mambas
  2 ice statues (IceCv)
  A centaur zombie (D:13)
  A torpor snail (Lair:6)
  11 komodo dragons
  4 rime drakes
  A gargoyle (D:11)
  6 spiny frogs
  6 kobold demonologists (D:14)
  A yaktaur (D:15)
  2 efreet (D:14)
  3 demonic crawlers
  A tengu conjurer (D:13)
  21 jumping spiders
  12 trolls
  2 merfolk (Lair:4)
  10 polar bears
  2 wind drakes (shapeshifter)
  Prince Ribbit (D:7)
  12 slime creatures
  2 hornets
  8 dream sheep
  11 hippogriffs
  2 raiju (Lair:6)
  12 blink frogs
  Sigmund (D:3)
  37 redbacks
  2 centaur simulacra
  A water elemental (D:15)
  4 wyverns
  A vampire (D:14)
  19 tarantellas
  4 wraiths (D:10)
  Eustachio (D:4)
  2 hogs (Spider:2)
  A human (Spider:2)
  2 basilisks
  3 hungry ghosts
  6 fire elementals (D:14)
  36 yaks
  5 vampire mosquitoes
  A steam dragon (Lair:3)
  6 wargs (Lair:6)
  3 soldier ants
  12 water moccasins
  14 hell hounds
  18 porcupines
  9 ice beasts
  3 sky beasts (D:7)
  11 black bears (Lair:6)
  2 phantoms
  40 orc warriors
  3 slaves (D:4)
  2 eyes of draining
  3 necrophages
  21 wolves
  11 ogres
  9 centaurs
  18 crocodiles
  2 big kobolds (D:14)
  A gnoll sergeant (D:7)
  A wyvern zombie (D:8)
  12 bullfrogs
  A wyvern skeleton (D:13)
  5 scorpions
  3 water moccasin skeletons
  3 killer bees (D:10)
  A hornet simulacrum (D:15)
  6 howler monkeys
  3 vampire bats (Orc:1)
  13 wights
  4 electric eels
  10 crimson imps
  A quasit (D:11)
  A bullfrog zombie (D:5)
  5 hounds
  Crazy Yiuf (D:2)
  A bullfrog skeleton (D:7)
  4 centaur skeletons
  3 jellies
  25 orc priests
  33 orc wizards
  Ijyb (D:4)
  5 iguanas
  9 worker ants
  A human simulacrum (D:10)
  A worker ant zombie (D:11)
  10 gnolls
  15 adders
  3 shadow imps
  An ooze (D:4)
  An adder zombie (D:9)
  An adder skeleton (D:7)
  A worm (D:3)
  11 leopard geckos
  103 orcs
  A ball python (D:4)
  4 giant cockroaches
  8 goblins
  4 hobgoblins
  11 jackals
  33 kobolds
  5 quokkas
  13 bats
  5 frilled lizards
  A leopard gecko zombie (D:5)
  A quokka skeleton (D:8)
  6 rats
  2 butterflies (D:7)
  3 fungi
  8 plants
958 creatures vanquished.

Vanquished Creatures (collateral kills)
  A spiny frog (Lair:2)
  A hungry ghost (D:12)
  A water moccasin (Lair:4)
  A porcupine (Lair:4)
  3 orc warriors
  A wolf (Lair:2)
  A crocodile (Lair:4)
  A killer bee (D:10)
  A hound (D:12)
  An orc wizard (Orc:1)
  A worker ant (D:12)
  2 orcs (Orc:1)
15 creatures vanquished.

Vanquished Creatures (others)
  An ugly thing (D:14)
  A centaur zombie (D:14)
  A redback (Spider:2)
  5 yaks (D:14)
  4 humans (Spider:2)
  A big kobold (D:10)
  2 killer bees (D:10)
  A human simulacrum (D:10)
  2 kobolds (D:10)
  6 fungi
  22 plants
46 creatures vanquished.

Grand Total: 1019 creatures vanquished

Notes
Turn   | Place    | Note
-------+----------+-------------------------------------------
     0 | D:1      | emperorscorpion the Deep Elf Fire Elementalist began the
                  | quest for the Orb.
     0 | D:1      | Reached XP level 1. HP: 10/10 MP: 6/6
   324 | D:1      | Reached XP level 2. HP: 15/15 MP: 2/8
  1470 | D:2      | Reached XP level 3. HP: 15/19 MP: 4/9
  1478 | D:2      | Learned a level 3 spell: Conjure Flame
  1857 | D:2      | Found a runed door.
  1865 | D:2      | Noticed Crazy Yiuf
  1876 | D:2      | Killed Crazy Yiuf
  1876 | D:2      | Reached XP level 4. HP: 24/24 MP: 0/11
  2204 | D:2      | Found a glowing silver altar of Zin.
  2351 | D:3      | Reached skill level 1 in Slings
  2652 | D:3      | Reached skill level 4 in Spellcasting
  2652 | D:3      | Reached XP level 5. HP: 28/28 MP: 5/13
  2661 | D:3      | Learned a level 4 spell: Sticky Flame
  3081 | D:3      | Found a bloodstained altar of Trog.
  3202 | D:3      | Noticed Sigmund
  3296 | D:3      | Killed Sigmund
  3296 | D:3      | Reached XP level 6. HP: 19/33 MP: 6/14
  3458 | D:4      | Noticed a slave
  3468 | D:4      | Killed a slave
  3476 | D:4      | Learned a level 5 spell: Fireball
  3497 | D:4      | Noticed a slave
  3508 | D:4      | Killed a slave
  3537 | D:4      | Noticed a slave
  3538 | D:4      | Noticed a slave
  3540 | D:4      | Noticed Pikel
  3548 | D:4      | Killed a slave
  3565 | D:4      | Killed Pikel
  3565 | D:4      | Reached skill level 1 in Fighting
  3565 | D:4      | Reached skill level 5 in Spellcasting
  3565 | D:4      | Reached skill level 5 in Fire Magic
  3565 | D:4      | Reached XP level 7. HP: 6/38 MP: 1/16
  4001 | D:4      | Noticed Ijyb
  4007 | D:4      | Killed Ijyb
  4283 | D:4      | Reached XP level 8. HP: 26/43 MP: 1/18
  4797 | D:4      | Noticed Eustachio
  4810 | D:4      | Killed Eustachio
  4810 | D:4      | Reached skill level 5 in Slings
  5120 | D:4      | Found a staircase to the Ecumenical Temple.
  5124 | Temple   | Entered the Ecumenical Temple
  5135 | Temple   | Became a worshipper of Vehumet
  5248 | D:5      | Entered Level 5 of the Dungeon
  5282 | D:5      | Reached skill level 6 in Spellcasting
  5632 | D:5      | Reached skill level 1 in Staves
  5689 | D:5      | Reached * piety under Vehumet
  5689 | D:5      | Offered knowledge of Sandblast by Vehumet.
  6200 | D:5      | Reached skill level 7 in Spellcasting
  6205 | D:5      | Noticed a hippogriff
  6257 | D:5      | Killed a hippogriff
  6257 | D:5      | Reached skill level 5 in Conjurations
  6257 | D:5      | Reached XP level 9. HP: 39/49 MP: 1/21
  7120 | D:6      | Got an ichor-stained flail
  7121 | D:6      | Identified the +9 flail of Balance {pain, +Blink rF++ Str+2
                  | Dex+4} (You found it on level 6 of the Dungeon)
  7680 | D:6      | Offered knowledge of Sting by Vehumet.
  7701 | D:6      | Reached ** piety under Vehumet
  7911 | D:6      | Reached skill level 8 in Spellcasting
  8117 | D:6      | Got an ominously black robe
  8128 | D:6      | Identified the +2 robe of the Morning {Int+4} (You found it
                  | on level 6 of the Dungeon)
  8252 | D:6      | Found a glowing golden altar of the Shining One.
  8254 | D:6      | Found an ancient bone altar of Kikubaaqudgha.
  8386 | D:6      | Found Cuduarom's Gadget Shop.
  8455 | D:7      | Noticed a troll
  8461 | D:7      | Reached skill level 1 in Maces & Flails
  8463 | D:7      | Noticed a cyclops
  8467 | D:7      | Offered knowledge of Throw Frost by Vehumet.
  8486 | D:7      | Reached XP level 10. HP: 55/56 MP: 4/24
  8499 | D:7      | Killed a cyclops
  8581 | D:7      | Reached *** piety under Vehumet
  8708 | D:7      | Reached skill level 5 in Bows
  8846 | D:7      | Found a shimmering altar of Xom.
  8870 | D:7      | Found a blossoming altar of Fedhas.
  9032 | D:7      | Identified Jeirchex's Almanac of Earthen Execration
  9064 | D:7      | Noticed Prince Ribbit
  9067 | D:7      | Killed Prince Ribbit
  9434 | D:7      | Found Teifo's Assorted Antiques.
  9437 | D:7      | Bought a scroll labeled UTZAG WEWN for 19 gold pieces
  9437 | D:7      | Bought a scroll labeled DUWAM GEIH for 19 gold pieces
  9437 | D:7      | Bought a scroll labeled WETAGA UXADAWA for 19 gold pieces
  9437 | D:7      | Bought a scroll labeled WETAGA UXADAWA for 19 gold pieces
  9437 | D:7      | Bought a wand of acid (9) for 152 gold pieces
  9437 | D:7      | Bought a potion of heal wounds for 95 gold pieces
  9796 | D:7      | Found a blossoming altar of Fedhas.
  9992 | D:8      | Found a deep blue altar of Sif Muna.
 10099 | D:8      | Found a large runed door.
 10099 | D:8      | Found a large runed door.
 10118 | D:8      | Noticed Leeroy's ghost (novice GnSk)
 10184 | D:8      | Offered knowledge of Stone Arrow by Vehumet.
 10196 | D:8      | Learned a level 3 spell: Stone Arrow
 10209 | D:8      | Found Aloenn's General Store.
 10596 | D:8      | Found a flagged portal.
 10605 | Bailey   | Entered a bailey
 10771 | Bailey   | Noticed an orc knight
 10788 | Bailey   | Killed an orc knight
 10788 | Bailey   | Reached skill level 9 in Spellcasting
 10798 | Bailey   | Noticed an orc knight
 10808 | Bailey   | Killed an orc knight
 10808 | Bailey   | Reached skill level 1 in Evocations
 10808 | Bailey   | Reached **** piety under Vehumet
 10990 | Bailey   | Offered knowledge of Throw Icicle by Vehumet.
 11491 | D:8      | Killed Leeroy's ghost
 11777 | D:9      | Reached XP level 11. HP: 61/61 MP: 13/26
 12466 | D:9      | Reached skill level 10 in Spellcasting
 12494 | D:9      | Found a shimmering altar of Xom.
 12508 | D:9      | Found a shimmering altar of Xom.
 13076 | D:10     | Entered Level 10 of the Dungeon
 13085 | D:10     | Noticed Snorg
 13091 | D:10     | Killed Snorg
 13672 | D:10     | Noticed Harold
 13677 | D:10     | Killed Harold
 13835 | D:10     | You fall through a shaft for 2 floors!
 13848 | D:12     | Found a staircase to the Orcish Mines.
 13854 | D:12     | Reached skill level 11 in Spellcasting
 13902 | D:12     | Found a labyrinth entrance.
 13917 | Lab      | Entered a labyrinth
 14618 | Lab      | Learned a level 4 spell: Summon Lightning Spire
 14620 | Lab      | Noticed a minotaur
 14627 | Lab      | Killed a minotaur
 14635 | Lab      | Got a pitted steel ring
 14642 | Lab      | Identified a +0 pair of boots of running (You found it in a
                  | labyrinth)
 14642 | Lab      | Identified the ring "Joarhav" {*Tele Int+3} (You found it
                  | in a labyrinth)
 14672 | D:11     | Noticed a skeletal warrior
 14932 | D:11     | Noticed a skeletal warrior
 15038 | D:10     | Reached skill level 5 in Dodging
 15039 | D:10     | Noticed Josephine
 15044 | D:10     | Killed Josephine
 15044 | D:10     | Reached skill level 5 in Fighting
 15275 | D:10     | Noticed Urug
 15630 | D:10     | Killed Urug
 15630 | D:10     | Reached ***** piety under Vehumet
 15630 | D:10     | Reached XP level 12. HP: 68/68 MP: 14/29
 15728 | D:10     | Reached skill level 12 in Spellcasting
 16057 | D:11     | Offered knowledge of Airstrike by Vehumet.
 16140 | D:11     | Found a staircase to the Lair.
 16226 | D:11     | Noticed Gastronok
 16255 | D:11     | Killed Gastronok
 16528 | D:11     | Found a shattered altar of Ashenzari.
 16659 | D:11     | Reached skill level 10 in Fire Magic
 16855 | D:11     | Noticed a death yak
 16860 | D:11     | Noticed a death yak
 16861 | D:11     | Noticed a death yak
 16862 | D:11     | Noticed a death yak
 16863 | D:11     | Noticed a death yak
 16863 | D:11     | Noticed a death yak
 16864 | D:11     | Killed a death yak
 17026 | D:11     | Killed a death yak
 17119 | D:11     | Reached skill level 10 in Conjurations
 17315 | D:11     | Killed a death yak
 17315 | D:11     | Reached skill level 13 in Spellcasting
 17377 | D:11     | Killed a death yak
 17652 | D:11     | Killed a death yak
 17652 | D:11     | Killed a death yak
 17939 | Orc:1    | Entered Level 1 of the Orcish Mines
 17940 | Orc:1    | Found a roughly hewn altar of Beogh.
 18258 | Orc:2    | Entered Level 2 of the Orcish Mines
 18456 | Orc:2    | Found a staircase to the Elven Halls.
 18783 | Orc:2    | Noticed a two-headed ogre
 18789 | Orc:2    | Killed a two-headed ogre
 18789 | Orc:2    | Reached XP level 13. HP: 42/74 MP: 5/32
 19345 | Orc:2    | Reached skill level 14 in Spellcasting
 19797 | Orc:2    | Found a roughly hewn altar of Beogh.
 19802 | Orc:2    | Noticed an orc warlord
 19826 | Orc:2    | Killed an orc warlord
 19826 | Orc:2    | Reached skill level 1 in Air Magic
 19932 | Orc:2    | Found Yriobul's Jewellery Emporium.
 20010 | Orc:2    | Found Daizujil's General Store.
 20090 | Orc:2    | Found Ucou's Antique Weapon Emporium.
 20099 | Orc:2    | Found Dezuz's Antique Armour Emporium.
 20110 | Orc:2    | Bought a pair of twisted gloves for 247 gold pieces
 20115 | Orc:2    | Identified the +2 pair of gloves of the Griffon {Str+3
                  | Int+4 Stlth+} (You bought it in a shop on level 2 of the
                  | Orcish Mines)
 20473 | Orc:2    | Bought the ring "Muozifets" {Int+3 Dex+6 SInv} for 409 gold
                  | pieces
 20520 | Orc:1    | Reached skill level 1 in Summonings
 20536 | Orc:1    | Offered knowledge of Orb of Destruction by Vehumet.
 20898 | Orc:1    | Learned a level 7 spell: Orb of Destruction
 22132 | Lair:1   | Entered Level 1 of the Lair of Beasts
 22161 | Lair:1   | Noticed Nergalle
 22166 | Lair:1   | Killed Nergalle
 23030 | Lair:1   | Got a pitted plate armour
 23731 | Lair:2   | Found a hole to the Spider Nest.
 23734 | Lair:2   | Reached skill level 15 in Spellcasting
 25342 | Lair:3   | Reached XP level 14. HP: 80/80 MP: 26/35
 25565 | Lair:3   | Reached ****** piety under Vehumet
 26060 | Lair:3   | Got a spiked helmet
 26071 | Lair:3   | Identified the +0 helmet of the Moon {rC+ Str-4 Stlth+}
                  | (You found it on level 3 of the Lair of Beasts)
 26081 | Lair:3   | Identified the +9 plate armour of the Prince {Dex+5} (You
                  | found it on level 1 of the Lair of Beasts)
 26340 | Lair:3   | Offered knowledge of Ozocubu's Refrigeration by Vehumet.
 26896 | Lair:4   | Found a staircase to the Shoals.
 27264 | Lair:5   | Found a frozen archway.
 27276 | Lair:5   | Reached skill level 16 in Spellcasting
 27396 | IceCv    | Entered an ice cave
 27409 | IceCv    | Found a transporter.
 27432 | IceCv    | Learned a level 6 spell: Bolt of Fire
 27601 | IceCv    | Found a transporter.
 27619 | IceCv    | Got a warped hand axe
 28237 | Lair:5   | Found a shattered altar of Ashenzari.
 28648 | Lair:6   | Entered Level 6 of the Lair of Beasts
 29158 | Lair:6   | Reached skill level 1 in Shields
 29607 | Lair:6   | Reached skill level 17 in Spellcasting
 29728 | Lair:6   | Offered knowledge of Freezing Cloud by Vehumet.
 29979 | Lair:6   | Reached XP level 15. HP: 86/86 MP: 11/38
 30164 | Lair:6   | Found a viscous altar of Jiyva.
 30164 | Lair:6   | Found a staircase to the Slime Pits.
 30900 | Lair:6   | Learned a level 6 spell: Freezing Cloud
 31933 | D:12     | Identified the cursed +1 hand axe of Theory {drain, Int+4}
                  | (You found it in an ice cave)
 32188 | D:12     | Offered knowledge of Poison Arrow by Vehumet.
 33462 | D:13     | Found a gate to the Vaults.
 33799 | D:13     | Got a crude ring mail
 33800 | D:13     | Identified a scroll of acquirement
 33801 | D:13     | Got a fine cloak
 33812 | D:13     | Identified the +1 cloak "Umid" {rF+ rCorr Int+4} (You
                  | acquired it on level 13 of the Dungeon)
 33823 | D:13     | Identified the +5 ring mail "Seneol" {rPois rF- MR+ Dex+3}
                  | (You found it on level 13 of the Dungeon)
 33963 | D:14     | Reached skill level 18 in Spellcasting
 34218 | D:14     | Reached skill level 1 in Ice Magic
 34642 | D:14     | Noticed Azrael
 34644 | D:14     | Killed Azrael
 35409 | D:15     | Entered Level 15 of the Dungeon
 36568 | D:15     | Found a staircase to the Depths.
 37072 | Spider:1 | Entered Level 1 of the Spider Nest
 37083 | Spider:1 | Reached XP level 16. HP: 77/92 MP: 2/40
 37235 | Spider:1 | Offered knowledge of Iron Shot by Vehumet.
 38164 | Spider:2 | Noticed Kirke
 38173 | Spider:2 | Killed Kirke
 38589 | Spider:2 | Reached skill level 15 in Fire Magic
 38744 | Spider:2 | Reached skill level 19 in Spellcasting
 39126 | Spider:2 | Reached skill level 15 in Conjurations
 39975 | Spider:3 | Found a transporter.
 39982 | Spider:3 | HP: 2/93 [wolf spider (13)]
 39983 | Spider:3 | Succumbed to a wolf spider's poison

Vault maps used:
D:1:      mrwooster_arrival_statue, minmay_tetromino_t4
D:2:      zin_statuary, uniq_crazy_yiuf_cottage
D:3:      trog_book, uniq_sigmund
D:4:      temple_hall_moat, uniq_eustachio, uniq_ijyb, uniq_pikel
D:5:      minmay_evil_eye, first_ration, minivault_4, guppyfry_early_orc_mine
D:6:      minitemple, serial_shops, nicolae_shop_window_shopping,
          wad_floor_pattern_2, minivault_11
D:7:      minmay_the_grid_triangle_9x9_recursive_2, grunt_temple_overflow_open,
          serial_shops, nicolae_shop_trees, grunt_ogre_cave,
          hangedman_glass_garden, fedhas_altar_4, uniq_prince_ribbit1
D:8:      lemuel_round_altar, serial_shops, kennysheep_little_box,
          ebering_ghost_disaster_area, enter_bailey_6
D:9:      xom_redecorated
D:10:     minmay_misc_feat_cross, bh_circular_ruins, uniq_urug, uniq_snorg,
          uniq_harold, uniq_josephine
D:11:     dpeg_lair_monsters, minivault_25_ag, ashenzari_altar_1, uniq_gastronok
D:12:     david_orc_2, lab_entry_generic, minmay_fractal_squares_5
D:13:     skrybe_vaults_entry_preservation
D:14:     minmay_misc_feat_columns, minmay_statue_bubble, uniq_azrael
D:15:     grunt_enter_depths_snipers, chequers_big_river, grunt_decor_one_mirror
Temple:   eino_temple_scatter_basement
Lair:1:   lemuel_fruit_fields, grunt_megastairs_2, infiniplex_staircase_pool_2,
          minmay_lair_oklob_chamber, uniq_nergalle
Lair:2:   spider_nest_entry_a, minmay_holes, beast_lair_carwin_9
Lair:3:   lemuel_fruit_fields, serial_bayou_shore_a, grunt_megastairs_3
Lair:4:   elwin_shoals_entry_stream, lemuel_fruit_tree
Lair:5:   portal_ice_cave_entry_animals_and_master, lemuel_oklob_altar
Lair:6:   hangedman_lair_caniforms_friends, slime_altar_1,
          grunt_forest_stairs_basic, serial_bayou_pond_a, st_stairs_8
Spider:2: guppyfry_spider_mini_3, uniq_kirke
Spider:3: gammafunk_ghost_arena, spider_trap
Orc:1:    basic_altar, roderic_batcave
Orc:2:    grunt_orc_cross
Lab:      labyrinth_watery, nicolae_lab_x, lab_block
Bailey:   bailey_axe_1, bailey
IceCv:    ice_cave_statue_garden_transporter

Skill      XL: |  1  2  3  4  5  6  7  8  9 10 11 12 13 14 15 16 |
---------------+-------------------------------------------------+-----
Fire Magic     | 4 5 6 7 9 11 12 13 14 15 | 15.2
Slings         | 1 2 3 4 5 |  5.4
Spellcasting   | 4 5 7 8 9 11 13 15 17 18 19 | 19.2
Conjurations   | 2 3 5 6 7 9 10 11 13 14 15 | 15.1
Dodging        | 3 4 5 6 7 8 |  8.1
Stealth        | 3 4 |  4.2
Fighting       | 1 2 3 4 5 6 7 8 |  8.0
Staves         | 1 |  1.0
Bows           | 3 7 |  7.3
Maces & Flails | 1 2 |  2.0
Evocations     | 1 2 3 4 |  4.6
Air Magic      | 1 2 |  2.2
Summonings     | 2 |  2.3
Shields        | 1 |  1.5
Ice Magic      | 1 |  1.8
Polearms       | |  0.1
Throwing       | |  0.1

Action                   |  1- 3 |  4- 6 |  7- 9 | 10-12 | 13-15 | 16-18 || total
-------------------------+-------+-------+-------+-------+-------+-------++-------
Melee: Unarmed           |     3 |       |       |       |       |       ||     3
       Spear             |       |       |    27 |       |       |       ||    27
       Quarterstaff      |       |       |    64 |       |       |       ||    64
       Flail             |       |       |    17 |    12 |    24 |     9 ||    62
       Shortbow          |       |       |     1 |     3 |       |       ||     4
 Fire: Hunting sling     |    22 |    44 |    51 |       |       |       ||   117
       Shortbow          |       |       |    54 |   497 |   442 |    27 ||  1020
Throw: Javelin           |       |       |       |       |     4 |       ||     4
 Cast: Flame Tongue      |    66 |    35 |    96 |    33 |    10 |     3 ||   243
       Conjure Flame     |     1 |       |     4 |     3 |     2 |       ||    10
       Sticky Flame      |       |     6 |     6 |    25 |    18 |     6 ||    61
       Fireball          |       |       |    47 |   183 |   410 |    63 ||   703
       Summon Lightning  |       |       |       |     2 |     9 |       ||    11
       Bolt of Fire      |       |       |       |       |    28 |    10 ||    38
       Orb of Destructio |       |       |       |       |    32 |     7 ||    39
       Freezing Cloud    |       |       |       |       |    11 |     4 ||    15
       Stone Arrow       |       |       |       |       |     5 |       ||     5
 Abil: Evoke Blink       |       |       |       |       |    19 |       ||    19
Evoke: Wand              |       |       |     7 |    15 |     6 |     2 ||    30
  Use: Potion            |       |       |     2 |       |       |     2 ||     4
       Scroll            |       |       |     1 |    18 |    18 |    11 ||    48
 Stab: Petrifying        |       |       |     1 |       |       |       ||     1
       Confused          |       |       |       |       |       |     1 ||     1
  Eat: Chunk             |     3 |     4 |    25 |    31 |    44 |     9 ||   116
       Ration            |       |       |     1 |     4 |     3 |       ||     8
Armor: Robe              |    13 |     4 |    20 |    32 |    60 |    23 ||   152
Dodge: Dodged            |    38 |    13 |   120 |   123 |   218 |    84 ||   596
Block: Other             |       |       |       |       |    35 |     5 ||    40
       Reflection        |       |       |       |       |     3 |       ||     3

Table legend:
 A = Non-vault XP
 B = Vault XP
 C = Vault XP percentage of total XP
 D = Non-vault monster count
 E = Vault monster count
 F = Vault count percentage of total count
                 A         B        C        D         E       F
            +---------+---------+-------+---------+---------+-------
      Total |  119088 |   64906 |  35.3 |     698 |     259 |  27.1
            +---------+---------+-------+---------+---------+-------
        D:1 |      28 |       5 |  15.2 |      18 |       3 |  14.3
        D:2 |      44 |      42 |  48.8 |      13 |       1 |   7.1
        D:3 |     105 |     227 |  68.4 |      15 |       1 |   6.2
        D:4 |     604 |     757 |  55.6 |      23 |       3 |  11.5
        D:5 |     953 |     342 |  26.4 |      21 |       9 |  30.0
        D:6 |    1415 |       0 |   0.0 |      42 |       0 |   0.0
        D:7 |     734 |    2324 |  76.0 |      19 |      13 |  40.6
        D:8 |     543 |     772 |  58.7 |      15 |       1 |   6.2
        D:9 |    1556 |       0 |   0.0 |      29 |       0 |   0.0
       D:10 |    2411 |    4396 |  64.6 |      30 |       9 |  23.1
       D:11 |    3335 |    7401 |  68.9 |      23 |       7 |  23.3
       D:12 |    4123 |     702 |  14.5 |      25 |       9 |  26.5
       D:13 |    5292 |    3405 |  39.2 |      22 |       9 |  29.0
       D:14 |   13698 |    2550 |  15.7 |      52 |       8 |  13.3
       D:15 |    5386 |    2358 |  30.4 |      23 |       3 |  11.5
     Lair:1 |     681 |    3935 |  85.2 |       6 |       9 |  60.0
     Lair:2 |    3891 |    1542 |  28.4 |      21 |       7 |  25.0
     Lair:3 |    8338 |     370 |   4.2 |      31 |       3 |   8.8
     Lair:4 |    4590 |    1602 |  25.9 |      17 |       4 |  19.0
     Lair:5 |   10693 |    3464 |  24.5 |      39 |      10 |  20.4
     Lair:6 |   14791 |   10374 |  41.2 |      33 |      57 |  63.3
   Spider:1 |    9881 |       0 |   0.0 |      35 |       0 |   0.0
   Spider:2 |   15703 |    4536 |  22.4 |      47 |      10 |  17.5
   Spider:3 |    2030 |       0 |   0.0 |       6 |       0 |   0.0
      Orc:1 |    2862 |     171 |   5.6 |      39 |       6 |  13.3
      Orc:2 |    5401 |    7491 |  58.1 |      54 |      33 |  37.9
        Lab |       0 |    1466 | 100.0 |       0 |       2 | 100.0
     Bailey |       0 |    1852 | 100.0 |       0 |      32 | 100.0
      IceCv |       0 |    2822 | 100.0 |       0 |      10 | 100.0
            +---------+---------+-------+---------+---------+-------
